 Dungeon Crawl Stone Soup version 0.29-a0-317-gd16b76e6b1 (webtiles) character file.

Game seed: 15086767769624955186

387 Bnni the Slasher (level 6, 0/50 HPs)
             Began as a Demonspawn Fighter on Mar 31, 2022.
             Was a Believer of Qazlal.
             Slain by a gnoll
             ... wielding a +2 halberd of venom
              (10 damage)
             ... on level 3 of the Dungeon.
             The game lasted 00:05:58 (4185 turns).

Bnni the Slasher (Demonspawn Fighter)               Turns: 4185, Time: 00:05:59

Health: 0/50       AC:  7    Str: 18    XL:     6   Next: 49%
Magic:  6/6        EV:  9    Int:  9    God:    Qazlal [**....]
Gold:   144        SH:  0    Dex: 19    Spells: 5/5 levels left

rFire   . . .      SeeInvis .   t - +1 whip (elec)
rCold   . . .      Faith    .   c - +1 buckler
rNeg    . . .      Spirit   .   b - +0 scale mail
rPois   .          Reflect  .   (helmet restricted)
rElec   .          Harm     .   (no cloak)
rCorr   .          Rampage  .   (no gloves)
Will    .....                   p - +0 pair of boots
Stlth   ..........              (no amulet)
HPRegen 0.16/turn               w - +6 ring of dexterity
MPRegen 0.20/turn               (no ring)

@: confused, lethally poisoned (0 -> -20), attractive, hasted, very quick
A: horns 2, magic regeneration, weakness stinger 1
a: Renounce Religion, Upheaval


You were on level 3 of the Dungeon.
You worshipped Qazlal.
Qazlal was pleased with you.
You visited 1 branch of the dungeon, and saw 3 of its levels.

You collected 144 gold pieces.

Inventory:

Hand Weapons
 a - a +0 long sword
 i - the +7 staff of the Meek {protect, meekguard}
   (You found it on level 3 of the Dungeon)

   It grants its wielder temporary protection when it strikes (+7 to AC).
   It provides extra protection to wielders with little health.
 o - the +2 war axe "Tubbub" {vorpal, Int+4 Dex+3 Stlth+}
   (You found it on level 2 of the Dungeon)

   It inflicts extra damage upon your enemies.
   Int:       It affects your intelligence (+4).
   Dex:       It affects your dexterity (+3).
   Stlth:     It makes you more stealthy.
 t - a +1 whip of electrocution (weapon)
 v - a +1 dagger of venom
Missiles
 y - 4 poisoned darts (quivered)
Armour
 b - a +0 scale mail (worn)
 c - a +1 buckler (worn)
 p - a +0 pair of boots (worn)
Jewellery
 w - a +6 ring of dexterity (left hand)
Scrolls
 h - a scroll of amnesia {unknown}
 l - 2 scrolls of enchant armour
 n - a scroll of teleportation
 r - a scroll of fear
 s - a scroll of torment {unknown}
Potions
 d - a potion of might
 e - a potion of heal wounds
 f - a potion of cancellation
 g - a potion of lignification
 j - a potion of resistance
 m - a potion of brilliance
 x - a potion of magic {unknown}


   Skills:
 + Level 4.8 Fighting
 * Level 5.3 Long Blades
 - Level 2.6 Armour
 - Level 2.6 Shields


You had 5 spell levels left.
You didn't know any spells.
Your spell library contained the following spells:

 Spells                   Type           Power      Damage    Failure   Level
 Shock                    Conj/Air       0%         1d3       86%         1
 Corpse Rot               Necr/Air       0%         N/A       95%         2
 Poisonous Vapours        Pois/Air       0%         N/A       95%         2
 Swiftness                Air            0%         N/A       99%         3
 Airstrike                Air            0%         N/A       100%        4


Dungeon Overview and Level Annotations

Branches:
Dungeon (3/15)

Altars:
Makhleb
Qazlal
Beogh

Shops:
D:1 ?   D:3 (

Annotations:
D:3 1 transporter


Innate Abilities, Weirdness & Mutations

You have a pair of horns on your head.
You regenerate magic rapidly.
You have a small tail.


Message History

As you read the scroll of identify, it crumbles to dust.
m - a potion of brilliance
Found a transporter.
The gnoll shouts!
Okay, then.
Okay, then.
The gnoll shouts!
You hear a shout! x3
There is a transporter here.
You enter the transporter and appear at another place.
The gnoll shaman hits you with a +0 whip!
The gnoll zaps a wand.
Your will is overpowered!
You are confused.
You closely miss the gnoll shaman. Your headbutt misses the gnoll shaman.
Your tail-slap misses the gnoll shaman.
The gnoll zaps a wand.
You barely resist.
The gnoll shaman hits you with a +0 whip!
The gnoll hits you from afar with a +2 halberd of venom!
You are poisoned.
Okay, then.
You are too confused!
You feel much better.
You feel very sick. The gnoll closely misses you.
The gnoll shaman barely misses you.
The gnoll zaps a wand.
You resist with some effort.
It was a potion of attraction.
You feel attractive to monsters.
You feel very sick.
The gnoll zaps a wand.
Your mind is blasted!
The gnoll shaman hits you with a +0 whip.
The gnoll hits you from afar with a +2 halberd of venom.
You are lethally poisoned!
The gnoll hits you from afar with a +0 spear.
The gnoll is attracted toward you. x4
It was a potion of haste.
You feel yourself speed up.
* * * LOW HITPOINT WARNING * * *
You feel very sick.
A gnoll comes into view. It is wielding a +0 flail.
The gnoll closely misses you.
The gnoll hits you with a +2 halberd of venom!
You die...

#.#.≈≈≈≈≈≈≈≈≈≈≈≈≈≈≈≈≈≈≈≈≈≈≈≈≈...#
#.#.≈≈≈≈≈≈≈≈≈≈≈≈≈≈≈≈≈≈≈≈≈≈≈≈≈....
#...≈≈#####...........#####≈≈..##
###.≈≈#g#.#.###.©.###.#.#.#≈≈..##
#.≈≈#gg.###g#####.###...#≈≈.)..
#.≈≈###...g..g........###≈≈...#
#.≈≈.8#.######§######.#8.≈≈...#
#.≈≈.##.#.⌠.#.g8# .##.≈≈....
#.≈≈.#..'...§g@⌠# g.#.≈≈..##
#.≈≈.##.#.⌠.#gg8# .##.≈≈..##
#.≈≈.8#.######g######.#8.≈≈....
#.≈≈###.......§.......###≈≈....
#.≈≈#...###g#####g###...#≈≈....
##.≈≈#.#.#.###.©.###.#.#.#≈≈....
#..≈≈#####...........#####≈≈....
#..≈≈≈≈≈≈≈≈≈≈≈...≈≈≈≈≈≈≈≈≈≈≈....
#..≈≈≈≈≈≈≈≈≈≈≈...≈≈≈≈≈≈≈≈≈≈≈....


You could see a gnoll shaman and 5 gnolls.

Vanquished Creatures
  Grinder (D:3)
  An orc priest (D:3)
  4 gnolls
  2 adders
  2 worms
  5 dart slugs
  9 orcs (D:3)
  3 bats (D:1)
  3 endoplasms
  4 giant cockroaches
  6 goblins
  3 hobgoblins
  3 jackals (D:2)
  9 kobolds
  4 quokkas
  6 ball pythons
  6 frilled lizards (D:1)
  5 rats (D:1)
76 creatures vanquished.

Vanquished Creatures (others)
  6 plants (D:3)
6 creatures vanquished.

Grand Total: 82 creatures vanquished

Notes
Turn   | Place    | Note
-------+----------+-------------------------------------------
     0 | D:1      | Bnni the Demonspawn Fighter began the quest for the Orb.
     0 | D:1      | Reached XP level 1. HP: 18/18 MP: 1/1
    29 | D:1      | Reached skill level 2 in Long Blades
   178 | D:1      | Gained mutation: You regenerate magic rapidly. [demonic
                  | ancestry]
   178 | D:1      | Reached XP level 2. HP: 11/24 MP: 2/2
   602 | D:1      | Found Zuocookh's Magic Scroll Shop.
   737 | D:1      | Reached XP level 3. HP: 28/29 MP: 3/3
  1089 | D:1      | You fall into a shaft and drop 1 floor!
  1319 | D:2      | Reached skill level 3 in Long Blades
  2436 | D:2      | Found a faded altar of an unknown god.
  2442 | D:2      | Prayed at the altar of an unknown god.
  2442 | D:2      | Became a worshipper of Qazlal Stormbringer
  2442 | D:2      | Reached * piety under Qazlal
  2472 | D:2      | Identified the +2 war axe "Tubbub" {vorpal, Int+4 Dex+3
                  | Stlth+}
  2488 | D:2      | Discovered your monstrous ancestry.
  2488 | D:2      | Gained mutation: You have a small tail. [demonic ancestry]
  2488 | D:2      | Reached XP level 4. HP: 34/37 MP: 4/4
  3475 | D:3      | Reached skill level 4 in Long Blades
  3501 | D:3      | Found Oteiw's Weapon Boutique.
  3516 | D:3      | Identified the +8 spear of the Dozen Teeth {venom, rElec
                  | rN+ MP+9}
  3516 | D:3      | Noticed a gnoll sergeant
  3582 | D:3      | Gained mutation: You have a pair of small horns on your
                  | head. [demonic ancestry]
  3582 | D:3      | Reached XP level 5. HP: 36/42 MP: 5/5
  3591 | D:3      | Found the +7 staff of the Meek {protect, meekguard}
  3855 | D:3      | Found a transporter.
  3985 | D:3      | Found a burning altar of Makhleb.
  4061 | D:3      | Noticed Grinder
  4065 | D:3      | Paralysed by Grinder for 4 turns
  4070 | D:3      | Killed Grinder
  4070 | D:3      | Reached ** piety under Qazlal
  4071 | D:3      | Reached skill level 5 in Long Blades
  4071 | D:3      | Gained mutation: You have a pair of horns on your head.
                  | [demonic ancestry]
  4071 | D:3      | Reached XP level 6. HP: 34/50 MP: 6/6
  4171 | D:3      | Found a transporter.
  4185 | D:3      | Slain by a gnoll

Illustrated notes

Levels and vault maps discovered:
D:1:      dpeg_arrival_lava_temple_mockup, layout_basic, serial_shops,
          nicolae_diamond_shop
D:2:      layout_basic, basic_ecumenical_altar, st_stairs_7,
          hangedman_decor_peaks_small
D:3:      layout_loops_cross, bloody_makhleb, gammafunk_ghost_gnarly_gnolls,
          serial_aquarium, aquarium_bridge_square [aquarium_subvault_wall,
          aquarium_subvault_balcony, aquarium_subvault_bridge,
          aquarium_subvault_window], aquarium_bridge_long_separate
          [aquarium_subvault_window, aquarium_subvault_bridge,
          aquarium_subvault_wall, aquarium_subvault_bridge,
          aquarium_subvault_window, aquarium_subvault_bridge],
          aquarium_window_corridor_1, aquarium_window_2, aquarium_window_corner,
          aquarium_view_2b, aquarium_pool_split, serial_shops,
          nicolae_shop_bloodbath_and_beyond, pf_guarded_unrand_meek,
          uniq_grinder

Skill      XL: |  1  2  3  4  5 |
---------------+----------------+-----
Long Blades    | 2 3 4 5 |  5.3
Fighting       | 4 |  4.8
Armour         | |  2.6
Shields        | |  2.6

Action                   |  1- 3 |  4- 6 || total
-------------------------+-------+-------++-------
Melee: Long sword        |   168 |       ||   168
       War axe           |     6 |    50 ||    56
       Tailslap          |       |     4 ||     4
       Whip              |       |    13 ||    13
       Headbutt          |       |     3 ||     3
  Use: Scroll            |     7 |     3 ||    10
       Potion            |       |     3 ||     3
Armor: Scale mail        |   101 |    18 ||   119
Dodge: Dodged            |    76 |    21 ||    97
Block: Buckler           |    49 |    27 ||    76

Table legend: (Time is in decaauts)
 A = Elapsed time spent in this place.
 B = Non-inter-level travel time spent in this place.
 C = Inter-level travel time spent in this place.
 D = Time resting spent in this place.
 E = Time spent auto-exploring this place.
 F = Levels seen in this place.
 G = Mean time per level.
                   A        B        C        D        E       F      G
               +--------+--------+--------+--------+--------+-----+--------+
         Total |   4270 |   4107 |    163 |    726 |   2722 |   3 | 1423.3 |
       Dungeon |   4270 |   4107 |    163 |    726 |   2722 |   3 | 1423.3 |
               +--------+--------+--------+--------+--------+-----+--------+

Top non-repeatable levels by time:
     D:2: 1783 daAuts
     D:1: 1565 daAuts
     D:3: 921 daAuts
